 Dungeon Crawl Stone Soup version 0.30-a0-576-g89cddaab80 (webtiles) character file.

Game seed: 13465674485312975070

274 jfcaron the Covered (level 6, -3/51 HPs)
             Began as a Hill Orc Hunter on Dec 30, 2022.
             Slain by a yak (10 damage)
             ... in a sewer.
             The game lasted 00:05:05 (2167 turns).

jfcaron the Covered (Hill Orc Hunter)               Turns: 2167, Time: 00:05:06

Health: -3/51      AC:  6    Str: 22    XL:     6   Next: 24%
Magic:  0/6        EV: 11    Int:  9    God:
Gold:   97         SH:  0    Dex: 14    Spells: 5/5 levels left

rFire   . . .      SeeInvis .    a - +1 shortbow
rCold   . . .      Faith    .    (shield currently unavailable)
rNeg    . . .      Spirit   +    d - +0 ring mail
rPois   .          Reflect  .    (helmet restricted)
rElec   +          Harm     .    (no cloak)
rCorr   .          Rampage  .    (no gloves)
Will    .....                    r - +1 pair of boots
Stlth   +                        u - amulet of guardian spirit
HPRegen 0.28/turn                l - +6 ring of strength
MPRegen 0.10/turn                (no ring)

@: slowed, very slow
A: antennae 1, deformed body, electricity resistance
a: no special abilities


You were in a sewer.
You visited 1 branch of the dungeon, and saw 3 of its levels.
You also visited: Sewer.

You collected 97 gold pieces.

Inventory:

Hand Weapons
 a - a +1 shortbow (weapon)
 o - a +1 dagger of holy wrath
   (You took it off a kobold on level 2 of the Dungeon)
Missiles
 j - 22 stones
Armour
 c - a +0 leather armour
 d - a +0 ring mail (worn)
 e - a +0 chain mail
 r - a +1 pair of boots (worn)
Jewellery
 l - a +6 ring of strength (left hand)
   (You found it on level 1 of the Dungeon)
 u - an amulet of guardian spirit (around neck)
   (You found it on level 2 of the Dungeon)
Wands
 i - a wand of polymorph (14)
Scrolls
 b - a scroll of immolation
 f - 3 scrolls of identify
 h - a scroll of teleportation
 k - a scroll of fog
 n - a scroll of magic mapping {unknown}
Potions
 g - 2 potions of attraction
 m - a potion of mutation
 q - a potion of cancellation {unknown}
 s - 2 potions of haste {unknown}
 t - a potion of invisibility {unknown}


   Skills:
 - Level 3.0 Fighting
 - Level 4.0 Ranged Weapons
 + Level 5.7 Armour
 - Level 2.0 Dodging
 - Level 1.0 Stealth


You had 5 spell levels left.
You didn't know any spells.
Your spell library was empty.

Dungeon Overview and Level Annotations

Branches:
Dungeon (3/15)              Sewer (1/1)

Altars:
Xom

Shops:
D:1 :


Innate Abilities, Weirdness & Mutations

You have a pair of small antennae on your head.
Armour fits poorly on your strangely shaped body.
You are resistant to electric shocks. (rElec)


Message History

You feel as though you will be slow longer.
The kobold brigand throws a curare-tipped dart.
The curare-tipped dart hits you.
You are more poisoned.
You have difficulty breathing.
You feel as though you will be slow longer.
You shoot an arrow.
The arrow closely misses the kobold brigand.
You feel extremely sick.
The kobold brigand throws a curare-tipped dart.
The curare-tipped dart barely misses you.
Okay, then.
Unknown command.
Aiming: Polymorph
Press: ? - help, Shift-Dir - straight line, f/p - kobold brigand
Aim: a kobold brigand, wielding a +0 vampiric dagger and quivering curare-tipped darts (moderately wounded, will become a fire bat, a naga, or a yak, chance to affect: 49%)
The kobold brigand evaporates and reforms as a yak!
You feel very sick.
You feel very sick.
Okay, then.
Okay, then.
Unknown command.
Aiming: Polymorph
Press: ? - help, Shift-Dir - straight line, f/p - yak
Aim: a yak (moderately wounded, will become an acid dragon, a lindwurm, or a shapeshifter, chance to affect: 49%)
Okay, then.
Unknown command.
Unknown command.
You feel sick.
You feel sick.
You feel sick.
You feel sick.
You see here a rat corpse.
It was a potion of mutation.
You feel extremely strange.
You feel insulated.
Your body twists and deforms.
A pair of antennae grows on your head!
You feel sick.
You are no longer poisoned.
The yak gores you!
You die...

#~...~####.~..~#####..~..####~.
##.~.## ##...## ##~.†## ##~
##### ##~## ##†## ## #~# #~#
#~# #~# ##~## ##~## ##...##
##~~)##
.?~#####~....#####...~.#
.))~.......Y@~~~)~.~...#
..~#####..~.~#####~~..~#
##...## ##..~## ##### #####


You could see a yak.

Vanquished Creatures
  Sigmund (D:2)
  5 adders
  5 worms
  2 dart slugs
  An orc (D:3)
  A bat (D:1)
  3 endoplasms
  3 giant cockroaches
  3 hobgoblins
  2 jackals (D:1)
  3 quokkas (D:2)
  11 ball pythons
  A frilled lizard (D:1)
  7 goblins
  7 kobolds
  8 rats
  6 fungi (D:3)
69 creatures vanquished.

Notes
Turn   | Place    | Note
-------+----------+-------------------------------------------
     0 | D:1      | jfcaron the Hill Orc Hunter began the quest for the Orb.
     0 | D:1      | Reached XP level 1. HP: 18/18 MP: 1/1
   113 | D:1      | Found Hipus's Book Emporium.
   153 | D:1      | Reached skill level 1 in Stealth
   267 | D:1      | Reached XP level 2. HP: 25/25 MP: 2/2
   563 | D:1      | Reached skill level 1 in Armour
   565 | D:1      | Reached XP level 3. HP: 29/30 MP: 3/3
  1084 | D:2      | Found a shimmering altar of Xom.
  1296 | D:2      | Noticed Sigmund
  1305 | D:2      | Killed Sigmund
  1306 | D:2      | Reached skill level 4 in Armour
  1306 | D:2      | Reached XP level 4. HP: 24/38 MP: 4/4
  1306 | D:2      | Reached XP level 5. HP: 29/45 MP: 5/5
  1864 | D:3      | Reached skill level 5 in Armour
  1913 | D:3      | Found a glowing drain.
  1922 | Sewer    | Entered a sewer
  1949 | Sewer    | Reached XP level 6. HP: 43/51 MP: 6/6
  2161 | Sewer    | a kobold brigand changed into a yak
  2161 | Sewer    | Noticed a yak
  2163 | Sewer    | HP: 10/51 [poisoned by a kobold brigand (curare-tipped
                  | dart)]
  2167 | Sewer    | Gained mutation: You are resistant to electric shocks.
                  | (rElec) [potion of mutation]
  2167 | Sewer    | Gained mutation: Armour fits poorly on your strangely
                  | shaped body. [potion of mutation]
  2167 | Sewer    | Gained mutation: You have a pair of small antennae on your
                  | head. [potion of mutation]
  2167 | Sewer    | Slain by a yak

Illustrated notes

Levels and vault maps discovered:
D:1:      dpeg_arrival_rooms_c, layout_basic, serial_shops,
          nicolae_shop_waterfront
D:2:      layout_loops_corners, basic_altar, uniq_sigmund
D:3:      layout_loops_corners, mainiacjoe_overflow_cross_hatched, serial_shops,
          shop, portal_sewer_entry_d, minmay_fractal_squares_diagonal_5,
          uniq_ijyb
Sewer:    sewer_co_15_rooms

Skill      XL: |  1  2  3  4  5 |
---------------+----------------+-----
Stealth        | 1 |  1.0
Armour         | 1 4 5 |  5.7
Dodging        | 2 |  2.0
Fighting       | 3 |  3.0
Ranged Weapons | 4 |  4.0

Action                   |  1- 3 |  4- 6 || total
-------------------------+-------+-------++-------
 Fire: Shortbow          |   108 |   108 ||   216
Evoke: Wand              |       |     1 ||     1
  Use: Scroll            |       |     8 ||     8
       Potion            |       |     2 ||     2
Armor: Ring mail         |    17 |    32 ||    49
Dodge: Dodged            |    30 |    42 ||    72

Table legend: (Time is in decaauts)
 A = Elapsed time spent in this place.
 B = Non-inter-level travel time spent in this place.
 C = Inter-level travel time spent in this place.
 D = Time resting spent in this place.
 E = Time spent auto-exploring this place.
 F = Levels seen in this place.
 G = Mean time per level.
                   A        B        C        D        E       F      G
               +--------+--------+--------+--------+--------+-----+--------+
         Total |   2301 |   2164 |    137 |     58 |   1548 |   4 |  575.2 |
       Dungeon |   1980 |   1843 |    137 |     58 |   1387 |   3 |  660.0 |
         Sewer |    321 |    321 |      0 |      0 |    161 |   1 |  321.0 |
               +--------+--------+--------+--------+--------+-----+--------+

Top non-repeatable levels by time:
     D:1: 927 daAuts
     D:2: 912 daAuts
   Sewer: 321 daAuts
     D:3: 140 daAuts

Table legend:
 A = Kills in this place as a percentage of kills in entire the game.
 B = Kills by you in this place as a percentage of kills by you in the entire game.
 C = Kills by friends in this place as a percentage of kills by friends in the entire game.
 D = Other kills in this place as a percentage of other kills in the entire game.
 E = Experience gained in this place as a percentage of experience gained in the entire game.
 F = Experience gained in this place divided by the number of levels of this place that you have seen.
                   A       B       C       D       E      F
               +-------+-------+-------+-------+-------+----------------------
         Total | 100.0 | 100.0 |   N/A |   N/A | 100.0 |  98.0
       Dungeon |  68.3 |  68.3 |   N/A |   N/A |  77.3 | 101.0
         Sewer |  31.7 |  31.7 |   N/A |   N/A |  22.7 |  89.0
               +-------+-------+-------+-------+-------+----------------------
